 Dungeon Crawl Stone Soup version 0.32-a0-933-ga8fa3634e4 (webtiles) character file.

Game seed: 11881029540036370120

235 Sabo the Covered (level 5, -8/42 HPs)
             Began as a Minotaur Artificer on Apr 14, 2024.
             Killed from afar by EvilEddieB's ghost (12 damage)
             ... on level 3 of the Dungeon.
             The game lasted 00:14:54 (2883 turns).

Sabo the Covered (Minotaur Artificer)               Turns: 2883, Time: 00:14:55

Health: -8/42      AC:  8    Str: 18    XL:     5   Next: 76%
Magic:  4/4        EV:  9    Int:  8    God:
Gold:   157        SH:  0    Dex: 11    Spells: 4/4 levels left

rFire   . . .        u - +2 trident (pain)
rCold   . . .        (no shield)
rNeg    . . .        g - +0 scale mail
rPois   .            (helmet restricted)
rElec   .            a - +0 cloak
rCorr   .            (no gloves)
SInv    .            (no boots)
Will    .....        (no amulet) Stlth
                     (no ring)
HPRegen 0.27/turn    (no ring)
MPRegen 0.09/turn

%: no passive effects
@: lethally poisoned (-8 -> -11)
A: horns 2, retaliatory headbutt
a: no special abilities


You were on level 3 of the Dungeon.
You visited 1 branch of the dungeon, and saw 3 of its levels.

You collected 157 gold pieces.

Inventory:

Hand Weapons
 h - a +0 sling
 k - a +2 dagger of flaming
 n - a +0 hand axe
 u - a +2 trident of pain (weapon)
Armour
 a - a +0 cloak (worn)
 g - a +0 scale mail (worn)
Jewellery
 r - a ring of ice
Wands
 c - a wand of flame (15) (quivered)
 d - a wand of charming (15)
 e - a wand of iceblast (5)
Scrolls
 b - 2 scrolls of teleportation
 f - a scroll of noise {unknown}
 m - a scroll of butterflies
 o - 5 scrolls of identify {unknown}
 p - a scroll of brand weapon {unknown}
 s - a scroll of amnesia {unknown}
 t - a scroll of vulnerability {unknown}
Potions
 i - 2 potions of curing {unknown}
 j - a potion of lignification {unknown}
 l - a potion of attraction {unknown}
 q - 2 potions of haste {unknown}
 v - a potion of enlightenment {unknown}


   Skills:
 + Level 2.6 Fighting
 + Level 2.5 Axes
 + Level 0.1(1.4) Maces & Flails
 + Level 0.3(1.5) Polearms
 + Level 4.7 Armour
 + Level 2.3 Dodging
 + Level 1.0 Stealth
 + Level 3.5 Evocations


You had 4 spell levels left.
You didn't know any spells.
Your spell library contained the following spells:

 Spells                   Type           Power      Damage    Failure   Level
 Blink                    Tloc           0%         N/A       89%         2
 Lesser Beckoning         Tloc           0%         N/A       89%         2
 Momentum Strike          Conj/Tloc      0%         3d8       89%         2
 Inner Flame              Hex/Fire       0%         N/A       98%         3
 Passwall                 Erth           0%         N/A       98%         3
 Volatile Blastmotes      Fire/Tloc      0%         2d10      98%         3
 Flame Wave               Conj/Fire      0%         2d4       100%        4
 Sticky Flame             Fire/Alch      0%         2d4       100%        4
 Vhi's Electric Charge    Tloc/Air       0%         N/A       100%        4
 Bombard                  Conj/Erth      0%         9d1       100%        6


Dungeon Overview and Level Annotations

Branches:
Dungeon (3/15)

Altars:
Vehumet

Annotations:
D:3 EvilEddieB's ghost, amateur HuCj


Innate Abilities, Weirdness & Mutations

You have a pair of horns on your head.
You reflexively headbutt those who attack you in melee.


Message History

You hit the bat.
You kill the bat!
You see here a +0 sling.
There is an escape hatch in the ceiling here.
EvilEddieB's ghost turns its malevolent gaze towards you.
You see here a +0 leather armour.
EvilEddieB's ghost laughs crazily.
You see here a +0 leather armour.
You see here a bat skeleton.
EvilEddieB's ghost says very slowly, "There's no hope."
You open the large door. You puncture EvilEddieB's ghost!
EvilEddieB's ghost is moderately damaged.
EvilEddieB's ghost hits you but does no damage.
You are poisoned.
EvilEddieB's ghost hits you.
You barely miss EvilEddieB's ghost.
Your headbutt misses EvilEddieB's ghost.
EvilEddieB's ghost is moderately damaged.
You feel sick.
EvilEddieB's ghost hits you but does no damage.
You are more poisoned.
You barely miss EvilEddieB's ghost.
EvilEddieB's ghost is moderately damaged.
You feel very sick.
EvilEddieB's ghost hits you but does no damage.
You barely miss EvilEddieB's ghost.
EvilEddieB's ghost is moderately damaged.
You feel very sick.
EvilEddieB's ghost casts a spell at you.
The searing ray hits you!
You closely miss EvilEddieB's ghost.
EvilEddieB's ghost is moderately damaged.
You feel sick. The searing ray hits you!
You closely miss EvilEddieB's ghost.
EvilEddieB's ghost is lightly damaged.
You feel sick. The searing ray hits you!
* * * LOW HITPOINT WARNING * * *
The searing ray hits you!
You die...

...# ###....# ...# ###......#
...######...##.###
...##..>.####### ###########
......#####≈##.#### #.........#
...#### ##...#..# #.........#
...# ≈~...#..#####.........#
...########..#.'................#
...##....#≈$~~.W@................
#.###.#####.≈⌠.#.................
#..##.# #.#..#................#
##.##.# #.~##.<..............#
#.##.# ######.....#.##########
#<##.# #........[...# # #.##.#
#............# # #..#.#
#..........÷.# ##..#.#
#............####


You could see EvilEddieB's ghost.

Vanquished Creatures
  An ice beast (D:3)
  A hound (D:3)
  Jessica (D:2)
  Robin (D:2)
  2 adders (D:3)
  A dart slug (D:2)
  4 bats
  3 endoplasms
  7 giant cockroaches
  8 goblins
  5 hobgoblins
  6 jackals
  2 kobolds
  2 quokkas (D:1)
  2 ball pythons
  A frilled lizard (D:3)
  4 rats
51 creatures vanquished.

Notes
Turn   | Place    | Note
-------+----------+-------------------------------------------
     0 | D:1      | Sabo the Minotaur Artificer began the quest for the Orb.
     0 | D:1      | Reached XP level 1. HP: 16/16 MP: 0/0
   377 | D:1      | Found a faded altar of an unknown god.
   390 | D:1      | Reached XP level 2. HP: 15/23 MP: 1/1
  1081 | D:2      | Noticed Robin
  1085 | D:2      | HP: 1/23 [goblin/+0 club[Robin] (1)]
  1097 | D:2      | Killed Robin
  1098 | D:2      | Reached skill level 3 in Armour
  1098 | D:2      | Reached XP level 3. HP: 24/29 MP: 2/2
  1582 | D:2      | Noticed Jessica
  1589 | D:2      | Killed Jessica
  1590 | D:2      | Reached XP level 4. HP: 20/36 MP: 3/3
  1803 | D:2      | Found a radiant altar of Vehumet.
  2161 | D:3      | Noticed EvilEddieB's ghost (amateur HuCj)
  2161 | D:3      | Found a large runed translucent door.
  2161 | D:3      | Found a large runed translucent door.
  2299 | D:3      | Reached skill level 1 in Axes
  2299 | D:3      | Reached skill level 4 in Armour
  2468 | D:3      | Noticed an ice beast
  2471 | D:3      | Reached XP level 5. HP: 41/41 MP: 4/4
  2484 | D:3      | Killed an ice beast
  2485 | D:3      | Reached skill level 1 in Stealth
  2883 | D:3      | Killed from afar by EvilEddieB's ghost

Illustrated notes

Levels and vault maps discovered:
D:1:      matt_arrival_los_fun, layout_rooms, ebering_ecumenical_altar_webs,
          kennysheep_minor_cross, hangedman_abyss_or_decor_stabs
D:2:      layout_basic, basic_altar, minmay_misc_feat_secret_circle,
          uniq_jessica, uniq_robin
D:3:      layout_rooms, ebering_ghost_disaster_area,
          minmay_misc_feat_four_crosses

Skill      XL: |  1  2  3  4  5 |
---------------+----------------+-----
Evocations     | 3 |  3.5
Armour         | 3 4 |  4.7
Fighting       | 2 |  2.6
Axes           | 1 2 |  2.5
Dodging        | 2 |  2.3
Stealth        | 1 |  1.0
Maces & Flails | |  0.1
Polearms       | |  0.3

Action                     |  1- 3 |  4- 6 || total
---------------------------+-------+-------++-------
  Melee: Club              |    19 |       ||    19
         Headbutt          |    16 |     7 ||    23
         Spear             |    13 |       ||    13
         Hand axe          |    24 |    48 ||    72
         Trident           |       |    11 ||    11
    Use: Potion            |     2 |       ||     2
         Scroll            |       |     2 ||     2
 Armour: Leather armour    |    11 |       ||    11
         Scale mail        |    65 |    65 ||   130
  Dodge: Dodged            |    48 |    49 ||    97

Table legend: (Time is in decaauts)
 A = Elapsed time spent in this place.
 B = Non-inter-level travel time spent in this place.
 C = Inter-level travel time spent in this place.
 D = Time resting spent in this place.
 E = Time spent auto-exploring this place.
 F = Levels seen in this place.
 G = Mean time per level.
                   A        B        C        D        E       F      G
               +--------+--------+--------+--------+--------+-----+--------+
         Total |   2909 |   2909 |      0 |    446 |      0 |   3 |  969.7 |
       Dungeon |   2909 |   2909 |      0 |    446 |      0 |   3 |  969.7 |
               +--------+--------+--------+--------+--------+-----+--------+

Top non-repeatable levels by time:
     D:2: 1317 daAuts
     D:1: 857 daAuts
     D:3: 734 daAuts
